 Dungeon Crawl Stone Soup version 0.22.1-1-ga44c0e5 (webtiles) character file.

1113 Garbasso the Chopper (level 8, -1/64 HPs)
             Began as a Demonspawn Gladiator on Oct 8, 2018.
             Was a Believer of Uskayaw.
             Slain by a slave (8 damage)
             ... led by Pikel
             ... on level 6 of the Dungeon.
             The game lasted 00:16:24 (6553 turns).

Garbasso the Chopper (Demonspawn Gladiator)         Turns: 6553, Time: 00:16:25

Health: -1/64      AC:  8    Str: 17    XL:     8   Next: 11%
Magic:  6/9        EV: 10    Int:  9    God:    Uskayaw [**....]
Gold:   169        SH:  0    Dex: 15    Spells: 7/7 levels left

rFire    . . .     SeeInvis .   a - +0 war axe
rCold    . . .     Gourm    .   (no shield)
rNeg     . . .     Faith    .   p - +0 scale mail
rPois    .         Spirit   .   (helmet restricted)
rElec    .         Reflect  .   (no cloak)
rCorr    .         Harm     .   (no gloves)
MR       .....                  (no boots)
Stlth    ..........             (no amulet)
HPRegen  0.20/turn              (no ring)
MPRegen  0.11/turn              (no ring)

@: no status effects
A: horns 2, slimy green scales 1
a: Stomp, Line Pass, Renounce Religion


You were on level 6 of the Dungeon.
You worshipped Uskayaw.
Uskayaw was noncommittal.
You were not hungry.

You visited 2 branches of the dungeon, and saw 7 of its levels.

You collected 375 gold pieces.
You spent 206 gold pieces at shops.

Inventory:

Hand Weapons
 a - a +0 war axe (weapon)
Missiles
 d - 3 throwing nets
 t - 6 tomahawks (quivered)
Armour
 p - a +0 scale mail (worn)
Wands
 c - a wand of flame (54)
 k - a wand of paralysis (13)
Scrolls
 b - a scroll of immolation {unknown}
 e - 3 scrolls of magic mapping
 g - a scroll of enchant weapon {unknown}
 j - a scroll of enchant armour {unknown}
 l - 3 scrolls of teleportation
 m - a scroll of remove curse {unknown}
 q - a scroll of fog {unknown}
 u - 2 scrolls of noise {unknown}
 v - a scroll of amnesia {unknown}
 x - a scroll of blinking {unknown}
 y - a scroll of identify
Potions
 h - a potion of cancellation
 i - a potion of berserk rage {unknown}
 n - a potion of might
 o - 2 potions of haste
 r - 2 potions of lignification
 s - 2 potions of agility {unknown}
 w - a potion of degeneration {unknown}
 A - a potion of ambrosia {unknown}
Comestibles
 f - 10 rations


   Skills:
 + Level 5.6 Fighting
 * Level 7.6 Axes
 - Level 1.7 Throwing
 - Level 2.6 Dodging
 + Level 2.1 Invocations


You had 7 spell levels left.
You didn't know any spells.
Your spell library was empty.

Dungeon Overview and Level Annotations

Branches:
Dungeon (6/15)             Temple (1/1) D:5

Altars:
Ashenzari
Cheibriados
Dithmenos
Elyvilon
Fedhas
Hepliaklqana
Kikubaaqudgha
Makhleb
Nemelex Xobeh
Okawaru
Qazlal
Ru
Sif Muna
Uskayaw
Vehumet
Wu Jian
Xom
Zin
The Shining One
Beogh

Shops:
D:4 ?%?

Annotations:
D:3 2 runed doors, trianova's ghost, amateur VSFi
D:6 Pikel


Innate Abilities, Weirdness & Mutations

You have a pair of horns on your head.
You are partially covered in slimy green scales. (AC +2)


Message History

You closely miss the slave. You slash Pikel!
The slave hits you but does no damage. The slave completely misses you.
Pikel hits you but does no damage.
You can now pass through a line of other dancers.
You closely miss Pikel. You headbutt Pikel!
Pikel is almost dead.
You hit the slave. You miss the slave. The slave hits you.
Pikel hits you with a whip of flaming. Pikel burns you.
You hit Pikel but do no damage.
Pikel is almost dead.
You closely miss the slave.
Your scale mail prevents you from hitting the slave.
You closely miss the slave. The slave hits you.
* * * LOW HITPOINT WARNING * * *
The slave hits you.
* * * LOW HITPOINT WARNING * * *
The slave hits you!
* * * LOW HITPOINT WARNING * * *
Pikel hits you but does no damage. The slave hits you!
You die...

#.## ...## . ##....
#####. ##..<. ........#
#...# .........###
##...# .
..........####...#
##...
#.............pK#......
##....#.......@p[......
#...........###p.......
##....#.....##
#........
##.........###
#..##.... #....#..#.##
#..# #.. ........###
#### . ...####.# .#..#
##.. ##...# ###


You could see Pikel and 3 slaves.

Vanquished Creatures
  An ice beast (D:5)
  A slave (D:6)
  A bullfrog (D:6)
  A gnoll sergeant (D:5)
  2 howler monkeys
  2 crimson imps (D:5)
  2 orc priests (D:4)
  2 hounds (D:4)
  A jelly (D:6)
  3 bullfrog skeletons
  4 orc wizards
  An iguana (D:6)
  2 worker ants (D:4)
  2 howler monkey zombies (D:5)
  7 gnolls
  11 adders
  An adder skeleton (D:4)
  4 worms
  5 dart slugs
  3 leopard geckos
  15 orcs
  5 bats
  2 giant cockroaches
  5 goblins
  11 hobgoblins
  14 jackals
  A quokka (D:5)
  3 ball pythons
  5 frilled lizards
  2 giant cockroach zombies (D:5)
  8 kobolds
  A leopard gecko skeleton (D:5)
  A quokka skeleton (D:4)
  9 rats
  A butterfly (D:5)
139 creatures vanquished.

Vanquished Creatures (others)
  4 toadstools (D:1)
4 creatures vanquished.

Grand Total: 143 creatures vanquished

Notes
Turn   | Place    | Note
-------+----------+-------------------------------------------
     0 | D:1      | Garbasso the Demonspawn Gladiator began the quest for the
                  | Orb.
     0 | D:1      | Reached XP level 1. HP: 16/16 MP: 1/1
   106 | D:1      | Reached skill level 3 in Axes
   385 | D:1      | Gained mutation: You have a pair of small horns on your
                  | head. [demonic ancestry]
   385 | D:1      | Reached XP level 2. HP: 22/22 MP: 2/2
   536 | D:1      | Reached XP level 3. HP: 23/28 MP: 3/3
  1591 | D:2      | Reached skill level 4 in Axes
  1593 | D:2      | Found a faded altar of an unknown god.
  1696 | D:2      | Reached XP level 4. HP: 32/34 MP: 4/4
  1792 | D:2      | Found an ornate altar of the Wu Jian Council.
  3053 | D:3      | Gained mutation: You are partially covered in slimy green
                  | scales. (AC +2) [demonic ancestry]
  3053 | D:3      | Reached XP level 5. HP: 37/41 MP: 5/5
  3255 | D:3      | Found a large runed door.
  3255 | D:3      | Found a large runed door.
  3258 | D:3      | Noticed trianova's ghost (amateur VSFi)
  4044 | D:4      | Reached skill level 5 in Axes
  4128 | D:4      | Reached XP level 6. HP: 47/48 MP: 6/6
  4184 | D:4      | Found Ytuil's Magic Scroll Shop.
  4192 | D:4      | Bought a scroll of fear for 38 gold pieces
  4192 | D:4      | Bought a scroll of magic mapping for 38 gold pieces
  4192 | D:4      | Bought a scroll of identify for 22 gold pieces
  4206 | D:4      | Found Mubiv's Magic Scroll Emporium.
  4376 | D:4      | Found a roughly hewn altar of Beogh.
  4620 | D:4      | Bought a scroll of teleportation for 36 gold pieces
  4620 | D:4      | Bought a scroll of identify for 24 gold pieces
  4620 | D:4      | Bought a scroll of identify for 24 gold pieces
  4620 | D:4      | Bought a scroll of identify for 24 gold pieces
  4632 | D:4      | Found Quyc's Food Shoppe.
  4677 | D:4      | Reached skill level 6 in Axes
  4794 | D:4      | Found a shadowy altar of Dithmenos.
  5004 | D:4      | Gained mutation: You have a pair of horns on your head.
                  | [demonic ancestry]
  5004 | D:4      | Reached XP level 7. HP: 55/55 MP: 7/7
  5024 | D:5      | Entered Level 5 of the Dungeon
  5367 | D:5      | Reached skill level 5 in Fighting
  5627 | D:5      | Reached skill level 7 in Axes
  5647 | D:5      | Found a staircase to the Ecumenical Temple.
  5708 | Temple   | Entered the Ecumenical Temple
  5901 | Temple   | Became a worshipper of Uskayaw the Reveler
  6000 | D:5      | Reached * piety under Uskayaw
  6004 | D:5      | Found a stormy altar of Qazlal.
  6005 | D:5      | Reached ** piety under Uskayaw
  6094 | D:5      | Reached skill level 1 in Invocations
  6174 | D:5      | Found a white marble altar of Elyvilon.
  6176 | D:5      | Found an iron altar of Okawaru.
  6415 | D:6      | Reached XP level 8. HP: 39/63 MP: 9/9
  6539 | D:6      | Noticed Pikel
  6553 | D:6      | Slain by a slave

Skill      XL: |  1  2  3  4  5  6  7  8 |
---------------+-------------------------+-----
Axes           | 3 4 5 6 7 |  7.6
Fighting       | 3 4 5 |  5.6
Invocations    | 1 2 |  2.1
Throwing       | |  1.7
Dodging        | |  2.6

Action                   |  1- 3 |  4- 6 |  7- 9 || total
-------------------------+-------+-------+-------++-------
Melee: War axe           |    80 |   218 |   146 ||   444
       Headbutt          |    12 |    44 |    22 ||    78
Throw: Stone             |     1 |       |       ||     1
       Tomahawk          |       |     1 |     1 ||     2
Invok: Stomp             |       |       |     2 ||     2
Evoke: Wand              |       |       |     1 ||     1
  Use: Scroll            |       |     6 |       ||     6
 Stab: Fleeing           |       |     1 |       ||     1
  Eat: Chunk             |     2 |    11 |     2 ||    15
       Ration            |       |       |     1 ||     1
Armor: Leather armour    |    13 |     1 |       ||    14
       Scale mail        |       |   111 |    88 ||   199
Dodge: Dodged            |    55 |   107 |    98 ||   260
